 Dungeon Crawl Stone Soup version 0.29.0-15-g675c0067aa (webtiles) character file.

Game seed: 9982149982272892258

2 qw the Sneak (level 1, -3/14 HPs)
             Began as a Gargoyle Delver on Sept 11, 2022.
             Slain by a worm (5 damage)
             ... on level 4 of the Dungeon.
             The game lasted 00:00:07 (599 turns).

qw the Sneak (Gargoyle Delver)                       Turns: 599, Time: 00:00:07

Health: -3/14      AC:  5    Str: 15    XL:     1   Next: 40%
Magic:  1/1        EV: 11    Int: 10    God:
Gold:   32         SH:  0    Dex: 11    Spells: 0/0 levels left

rFire   . . .      SeeInvis .   a - +0 hand axe
rCold   . . .      Faith    .   (no shield)
rNeg    + . .      Spirit   .   b - +0 leather armour
rPois   inf        Reflect  .   (no helmet)
rElec   +          Harm     .   (no cloak)
rCorr   .          Rampage  .   (no gloves)
Will    .....                   (no boots)
Stlth   +++.......              (no amulet)
HPRegen 0.04/turn               (no ring)
MPRegen 0.07/turn               (no ring)

@: no status effects
A: sickness immunity, AC +2, negative energy resistance 1, electricity
resistance, torment resistance 1, petrification resistance
a: no special abilities


You were on level 4 of the Dungeon.
You visited 1 branch of the dungeon, and saw 2 of its levels.

You collected 32 gold pieces.


Innate Abilities, Weirdness & Mutations

You are immune to sickness and miasma.
Your stone body is resilient. (AC +2)
You are immune to poison.
You resist negative energy. (rN+)
You are resistant to electric shocks. (rElec)
You are resistant to unholy torment.
You are immune to petrification.


   Skills:
 - Level 3.2 Fighting
 + Level 2.0 Axes
 - Level 1.5 Dodging
 - Level 5.4 Stealth


You couldn't memorise any spells.
You didn't know any spells.
Your spell library was empty.

Inventory:

Hand Weapons
 a - a +0 hand axe (weapon)
 d - a +0 club
Armour
 b - a +0 leather armour (worn)
Wands
 g - a wand of digging (3)
Scrolls
 c - 4 scrolls of enchant weapon {unknown}
 e - 2 scrolls of identify {unknown}
Potions
 f - a potion of haste
 h - a potion of might {unknown}

Dungeon Overview and Level Annotations

Branches:
Dungeon (5/15)
 Temple: D:4-7

Altars:

Annotations:
D:4 1 runed translucent door, Sigmund


Message History

c - 4 scrolls labelled CYOROX ZEODGH (gained 1)
Found a falchion.
Enter note:
e - 2 scrolls labelled DUTONOCIA IJIL (gained 1)
You now have 32 gold pieces (gained 18).
You open the door.
There is an open door here.
You open the large door.
A worm and a jackal come into view.
Found a scroll labelled DUTONOCIA IJIL.
Enter note:
Enter note:
There is a large open door here.
The helpless jackal fails to defend itself.
You hit the jackal.
You kill the jackal!
Your Axes skill increases to level 2!
You hit the worm but do no damage. You hit the worm.
The worm is moderately wounded.
The worm barely misses you.
You hit the worm.
The worm is heavily wounded.
The worm barely misses you.
You hit the worm.
The worm is heavily wounded.
The worm bites you!
Ouch! That really hurt!
You hit the worm but do no damage. You punch the worm, but do no damage.
The worm is heavily wounded.
You barely miss the worm.
The worm is heavily wounded.
The worm closely misses you.
You slash the worm!
The worm is almost dead.
The worm bites you.
You barely miss the worm. You punch the worm.
The worm is almost dead.
The worm bites you.
You die...

... .#...[.#.....
...........+.....
...........# #...
...##.....# #...
.........####...
##########.........)....
.........'..............
#........'.....#........
##....w@.#.....#........
~##..?...#.....#........
##.....#..##.#........
~~~##....#...#'#+#...###
#~~S##...###...........#
##~~ ##..#.............#
.## ~##.#.............#
.. ~~~###..............
#..............


You could see a worm and a ball python.

Vanquished Creatures
  A goblin (D:4)
  A jackal (D:4)
2 creatures vanquished.

Notes
Turn   | Place    | Note
-------+----------+-------------------------------------------
     0 | D:5      | qw the Gargoyle Delver began the quest for the Orb.
     0 | D:5      | Reached XP level 1. HP: 14/14 MP: 1/1
     0 | D:5      | 0 ||| qw: Version: 0.1-a-117-gfe26ee0
     0 | D:5      | 0 ||| qw: Game counter: 9939
     0 | D:5      | 0 ||| qw: Always use a shield: true
     0 | D:5      | 0 ||| qw: God list: Okawaru
     0 | D:5      | 0 ||| qw: Allow faded altars: false
     0 | D:5      | 0 ||| qw: Do Orc after D:15 true
     0 | D:5      | 0 ||| qw: Do second Lair branch before Depths: true
     0 | D:5      | 0 ||| qw: Lair rune preference: random
     0 | D:5      | 0 ||| qw: Plans: Normal
     0 | D:5      | 0 ||| PLANNING D:1-11
    22 | D:5      | 22 ||| DROPPING scroll of fog.
    23 | D:5      | 23 ||| DROPPING scroll of magic mapping.
    24 | D:5      | 24 ||| DROPPING scroll of fear.
    32 | D:4      | Found a runed translucent door.
    40 | D:4      | Noticed Sigmund
    41 | D:4      | 41 ||| Stepping ~*~*~tactically~*~*~ (hiding).
   143 | D:4      | 143 ||| Stepping ~*~*~tactically~*~*~ (hiding).
   245 | D:4      | 245 ||| Stepping ~*~*~tactically~*~*~ (hiding).
   347 | D:4      | 347 ||| Stepping ~*~*~tactically~*~*~ (hiding).
   449 | D:4      | 449 ||| Stepping ~*~*~tactically~*~*~ (hiding).
   598 | D:4      | HP: 2/14 [worm (4)]
   599 | D:4      | Slain by a worm

Levels and vault maps discovered:
D:4:      layout_basic, kennysheep_mini_moat, serial_shops,
          nicolae_shop_statue_plus, ebering_ghost_sewer_d,
          kennysheep_opposing_triangles, uniq_sigmund
D:5:      minmay_goblin_kobold_castle, layout_basic,
          minmay_temple_entry_nine_rooms, enter_ossuary_2

Skill      XL: |  1 |
---------------+----+-----
Axes           | 2 |  2.0
Fighting       | |  3.2
Dodging        | |  1.5
Stealth        | |  5.4

Action                   || total
-------------------------++-------
Melee: Hand axe          ||    15
       Punch             ||     2
 Stab: Sleeping          ||     1
Armor: Leather armour    ||     1
Dodge: Dodged            ||     6

Table legend:
 A = Non-vault XP
 B = Vault XP
 C = Vault XP percentage of total XP
 D = Non-vault monster count
 E = Vault monster count
 F = Vault count percentage of total count
                 A         B        C        D         E       F
            +---------+---------+-------+---------+---------+-------
      Total |       2 |       2 |  50.0 |       1 |       1 |  50.0
            +---------+---------+-------+---------+---------+-------
        D:4 |       2 |       2 |  50.0 |       1 |       1 |  50.0
            +---------+---------+-------+---------+---------+-------
